Map: 16 Bits LE

Players

IagoAbreu

  • Race: Terran Terran
  • League: Silver
  • Spawn Location: 1:00

siicooxd - Winner!

  • Race: Protoss Protoss
  • Spawn Location: 7:00

VOD

Have the link to the VOD?

Description

Time

  • Played on: May 15, 2018, 1:52 p.m.
  • Length: 22:11
Show
View Real Time Build Order
Export as new Build Order

IagoAbreu Terran 

Build Orders: Reaper Expand 

Get SALT Encoding   

  12  0:03  SCV  
  13  0:14  Supply Depot  
  13  0:25  SCV  
  14  0:35  Supply Depot  
  14  0:45  Barracks  
  14  0:48  SCV  
  15  0:56  Refinery  
  15  1:10  SCV, Engineering Bay  
  16  1:23  SCV  
  17  1:48  Barracks Reactor  
  17  1:50  Supply Depot  
  17  2:05  Command Center  
  17  2:19  Orbital Command  
  17  2:26  Marine x2  
  19  2:34  Terran Infantry Weapons Level 1  
  19  2:53  Barracks  
  19  2:55  Marine x2  
  21  3:10  SCV  
  22  3:20  Refinery  
  22  3:22  Marine x2, SCV  
  25  3:30  Orbital Command  
  25  3:34  SCV  
  26  3:47  SCV  
  25  3:56  Marine x2  
  24  4:06  Marine  
  24  4:14  Marine x2  
  24  4:28  Terran Infantry Armor Level 1  
  22  4:44  Marine x2  
  22  5:04  Factory  
  21  5:07  Marine  
  21  5:08  Marine  
  22  5:35  Marine x2  
  19  5:38  Reaper  
  17  5:51  Widow Mine  
  18  6:04  Marine x2  
  15  6:10  Reaper  
  18  6:12  Widow Mine  
  19  6:41  Bunker  
  19  7:00  Barracks Tech Lab  
  19  7:08  Marine x2, Factory Reactor  
  21  7:23  SCV  
  21  7:24  Bunker  
  21  7:26  Marine x2  
  21  7:27  SCV  
  25  7:36  SCV  
  26  7:39  SCV, Marauder  
  26  7:40  Combat Shields  
  26  7:44  Marine x2  
  29  7:48  SCV  
  32  7:51  SCV  
  33  8:00  SCV, Missile Turret, Marauder  
  33  8:01  Marine  
  33  8:02  Marine  
  33  8:03  SCV  
  39  8:12  SCV  
  40  8:16  SCV, Cyclone  
  40  8:19  Marine x2  
  45  8:24  Cyclone  
  46  8:48  SCV  
  47  8:50  SCV  
  48  9:00  SCV  
  48  9:02  SCV  
  50  9:05  Armory  
  50  9:12  SCV  
  50  9:14  SCV  
  52  9:19  Marine  
  52  9:20  Marine  
  54  9:31  Marine x2, SCV x2, Siege Tank  
  61  9:37  Marine, Supply Depot  
  61  9:38  Supply Depot x2  
  62  9:58  Marine x4, SCV x2  
  68  10:00  Supply Depot x2  
  66  10:12  Supply Depot  
  66  10:16  Marine x4, Terran Infantry Weapons Level 2  
  70  10:28  Starport  
  70  10:32  Barracks  
  70  10:33  Marine x3  
  73  10:43  Terran Vehicle Weapons Level 1  
  73  10:46  Siege Tank  
  73  10:49  Marine  
  77  10:51  Marine x3  
  80  11:06  Marine  
  80  11:11  Starport Reactor  
  81  11:15  Missile Turret  
  81  11:32  Missile Turret  
  81  11:43  Refinery  
  81  11:47  Refinery  
  81  11:48  Barracks Reactor  
  81  11:53  Medivac  
  81  11:54  Medivac  
  85  11:59  Marine x3  
  85  12:00  Marine  
  89  12:17  Marine x3  
  89  12:18  Marine  
  93  12:28  Viking x2  
  97  12:31  Marine x2  
  97  12:35  Marine x4  
  103  12:39  Thor  
  109  12:49  Marine x2  
  111  12:53  Marine x4  
  115  13:02  Medivac x2  
  119  13:07  Marine x2  
  121  13:32  Medivac x2  
  125  13:35  Thor  
  122  14:11  SCV  
  122  14:23  SCV  
  123  14:36  SCV  
  124  14:44  Marine x6  
  130  14:48  SCV  
  130  14:49  Medivac x2  
  130  14:51  Thor  
  141  15:00  SCV  
  141  15:01  Marine  
  141  15:02  Marine x5  
  148  15:12  Terran Vehicle Weapons Level 2  
  148  15:13  Terran Infantry Weapons Level 3  
  148  15:19  Marine x2  
  148  15:20  Marine x4  
  146  15:37  Marine x3  
  146  15:38  Marine x3  
  144  16:08  SCV  
  145  16:20  SCV, Refinery  
  145  16:21  SCV  
  147  16:30  Raven  
  149  16:33  SCV x2  
  149  16:35  Cyclone  
  149  16:38  Cyclone  
  157  16:45  SCV  
  158  16:56  Supply Depot  
  158  17:00  Supply Depot  
  158  17:17  SCV x2, Raven  
  163  17:30  SCV  
  163  17:35  Cyclone  
  163  17:36  Cyclone  
  169  17:39  Marine x6  
  169  17:42  SCV  
  176  17:49  Terran Vehicle Weapons Level 3  
  102  19:26  Medivac x2  
  102  19:28  Terran Infantry Armor Level 2  
  106  19:34  Siege Tank  
  106  19:37  Marine x4  
  106  19:38  Marine x2  
  115  19:56  Medivac x2  
  119  20:06  Siege Tank  
  122  20:15  Marine x6  
  128  20:30  Medivac  
  128  20:31  Medivac  
  128  20:32  Marine  
  128  20:33  Marine x5  
  135  20:38  Siege Tank  
  133  20:50  Marine x2  
  133  20:51  Marine  
  134  21:05  SCV  
  133  21:17  SCV  
  134  21:29  SCV  
  130  21:41  SCV  
  112  21:54  SCV  
Show
View Real Time Build Order
Export as new Build Order

siicooxd Protoss - Winner!

Build Orders:  

Get SALT Encoding   

  12  0:23  Probe  
  13  0:28  Pylon  
  13  0:33  Assimilator  
  13  0:35  Probe  
  14  0:49  Probe  
  15  0:54  Gateway  
  15  0:57  Gateway  
  15  1:24  Pylon  
  15  1:26  Probe  
  16  1:37  Assimilator  
  16  1:38  Probe  
  17  1:45  Zealot  
  17  1:46  Zealot  
  21  1:47  Pylon  
  21  2:08  Probe  
  21  2:12  Zealot  
  21  2:13  Zealot  
  26  2:20  Probe  
  27  2:32  Probe  
  27  2:33  Forge  
  28  2:37  Cybernetics Core  
  28  2:43  Zealot  
  30  2:50  Zealot  
  32  2:53  Probe  
  33  3:06  Probe  
  34  3:16  Photon Cannon  
  34  3:20  Photon Cannon, Probe  
  33  4:12  Probe  
  33  4:13  Zealot  
  33  4:14  Zealot  
  38  4:24  Probe  
  39  4:31  Twilight Council  
  37  4:51  Photon Cannon  
  37  4:56  Nexus  
  37  5:00  Pylon  
  37  5:02  Probe  
  38  5:18  Stalker x2  
  42  5:50  Stalker x2  
  42  5:52  Dark Shrine, Probe  
  47  6:05  Nexus  
  47  6:07  Probe  
  48  6:12  Pylon  
  48  6:17  Pylon  
  48  6:19  Pylon  
  48  6:23  Probe  
  47  6:27  Assimilator  
  45  6:33  Pylon  
  45  6:35  Probe  
  46  6:42  Assimilator  
  46  6:43  Probe  
  47  6:47  Probe  
  47  6:53  Zealot  
  50  6:55  Probe  
  50  6:56  Protoss Ground Weapons Level 1  
  50  6:59  Probe  
  52  7:10  Probe  
  52  7:11  Probe  
  54  7:17  Assimilator  
  54  7:20  Assimilator  
  54  7:22  Probe  
  55  7:23  Probe  
  55  7:24  Dark Templar  
  55  7:25  Photon Cannon, Dark Templar  
  60  7:34  Probe  
  60  7:36  Probe  
  62  7:48  Probe  
  62  7:50  Photon Cannon  
  62  7:51  Photon Cannon  
  63  7:54  Probe  
  64  8:04  Dark Templar  
  66  8:06  Probe, Dark Templar  
  66  8:09  Probe  
  70  8:13  Probe  
  70  8:18  Probe  
  66  8:48  Pylon  
  66  8:51  Pylon  
  66  9:01  Photon Cannon  
  66  9:03  Photon Cannon  
  66  9:08  Pylon  
  66  9:10  Probe  
  66  9:13  Probe  
  66  9:15  Probe  
  69  9:22  Probe  
  70  9:25  Stargate, Probe  
  70  9:27  Stargate, Probe  
  72  9:34  Robotics Facility  
  72  9:44  Templar Archives  
  64  10:08  Dark Templar  
  64  10:10  Dark Templar  
  68  10:21  Photon Cannon  
  68  10:23  Photon Cannon  
  68  10:29  Photon Cannon  
  68  10:33  Photon Cannon  
  68  10:39  Probe  
  69  10:44  Photon Cannon  
  69  10:46  Photon Cannon  
  69  10:49  Photon Cannon  
  69  10:52  Probe  
  69  10:54  Dark Templar x2  
  69  10:56  Void Ray  
  78  11:00  Oracle  
  81  11:04  Probe  
  82  11:20  Fleet Beacon  
  82  11:40  Robotics Bay  
  82  11:43  Charge  
  82  11:49  Void Ray  
  86  11:55  Warp Prism  
  90  12:01  Dark Templar  
  90  12:02  Dark Templar  
  92  12:11  Probe  
  92  12:14  Probe  
  94  12:33  Photon Cannon  
  94  12:36  Photon Cannon  
  94  12:39  Photon Cannon  
  94  12:40  Zealot  
  94  12:41  Zealot  
  98  12:45  Pylon  
  98  12:51  Pylon  
  98  12:59  Carrier  
  98  13:00  Carrier  
  110  13:25  Photon Cannon  
  110  13:29  Photon Cannon  
  110  13:32  Photon Cannon  
  110  13:36  Photon Cannon  
  107  14:25  Warp Prism  
  109  14:38  Carrier x2  
  115  14:42  Graviton Catapult  
  121  15:04  Dark Templar x2  
  107  16:03  Carrier  
  107  16:04  Carrier  
  113  16:10  Stargate  
  119  16:15  Stargate  
  119  16:16  Stargate  
  119  16:36  Zealot  
  119  16:37  Zealot  
  123  16:51  Photon Cannon  
  123  16:54  Photon Cannon  
  123  16:56  Pylon  
  123  16:58  Photon Cannon  
  123  17:00  Pylon  
  123  17:01  Photon Cannon  
  123  17:03  Zealot  
  123  17:04  Zealot  
  123  17:07  Photon Cannon  
  127  17:11  Photon Cannon  
  127  17:29  Photon Cannon  
  127  17:35  Photon Cannon  
  127  17:36  Carrier x2  
  139  17:37  Carrier  
  139  17:39  Oracle  
  139  17:41  Oracle  
  151  17:46  Photon Cannon  
  151  17:51  Photon Cannon  
  151  18:07  Zealot x2  
  151  18:08  Warp Prism  
  151  18:28  Nexus  
  151  19:33  Photon Cannon  
  151  19:49  Probe  
  152  20:01  Probe  
  152  20:02  Dark Shrine  
  152  20:03  Pylon  
  153  20:11  Anion Pulse-Crystals  
  153  20:15  Protoss Air Weapons Level 1  
  153  20:42  Photon Cannon  
  150  20:45  Photon Cannon  
  150  20:49  Photon Cannon  
Tags
 
Add a new tag
Caveats
  • Supply blocks, unpowered buildings, or Contaminate may cause inaccurate times.
  • Supply counts are checked every 10 seconds.